 Dungeon Crawl Stone Soup version 0.26.1-2-gb8aa6d0cf2 (webtiles) character file.

Game seed: 8175162236867716981

8415 Martska the Fighter (level 11, -2/119 HPs)
             Began as an Ogre Hunter on Mar 13, 2021.
             Was a Priest of the Shining One.
             Slain by a troll (5 damage)
             ... on level 10 of the Dungeon.
             The game lasted 00:28:17 (13517 turns).

Martska the Fighter (Ogre Hunter)                  Turns: 13517, Time: 00:28:18

Health: -2/119     AC:  6    Str: 21    XL:     11   Next: 30%
Magic:  15/15      EV: 14    Int: 12    God:    the Shining One [***...]
Gold:   575        SH:  0    Dex: 15    Spells: 10/10 levels left

rFire    . . .     SeeInvis .   b - +0 giant spiked club
rCold    . . .     Faith    .   (shield currently unavailable)
rNeg     + . .     Spirit   .   G - +0 steam dragon scales
rPois    .         Reflect  .   (helmet restricted)
rElec    .         Harm     .   c - scarf {repulsion}
rCorr    .         Rampage  .   (gloves unavailable)
Will     +....                  (boots unavailable)
Stlth    +.........             t - amulet of regeneration
HPRegen  0.69/turn              q - +6 ring of dexterity
MPRegen  0.14/turn              (no ring)

@: glowing, repel missiles
A: large, unfitting armour, tough skin 1
a: Renounce Religion, Divine Shield


You were on level 10 of the Dungeon.
You worshipped the Shining One.
The Shining One was most pleased with you.
You visited 1 branch of the dungeon, and saw 10 of its levels.
You also visited: Sewer.

You collected 575 gold pieces.

Inventory:

Hand Weapons
 b - a +0 giant spiked club (weapon)
 u - a +1 flail of draining
 w - a +0 giant club
 y - a +2 whip of freezing
 z - a +2 whip of venom
 O - a +0 great mace
Missiles
 d - a throwing net
 F - 2 large rocks (quivered)
Armour
 c - a scarf of repulsion (worn)
 G - +0 steam dragon scales (worn)
Jewellery
 q - a +6 ring of dexterity (left hand)
 t - an amulet of regeneration (around neck)
 x - an uncursed amulet of faith
 H - an uncursed amulet of guardian spirit {unknown}
 N - a cursed -4 ring of dexterity
Wands
 A - a wand of flame (9)
 B - a wand of acid (10)
 E - a wand of polymorph (8)
Scrolls
 e - 5 scrolls of enchant weapon
 f - 4 scrolls of remove curse
 g - 3 scrolls of identify
 i - 2 scrolls of teleportation
 k - a scroll of noise {unknown}
 m - a scroll of fear
 n - 4 scrolls of amnesia
 s - 2 scrolls of random uselessness
 D - a scroll of immolation {unknown}
 I - 3 scrolls of enchant armour {unknown}
 K - 3 scrolls of fog {unknown}
 M - a scroll of blinking
 P - 2 scrolls of magic mapping {unknown}
Potions
 a - 3 potions of lignification
 h - 2 potions of brilliance {unknown}
 j - a potion of heal wounds
 l - 2 potions of magic {unknown}
 o - 6 potions of curing
 p - a potion of invisibility {unknown}
 r - 2 potions of berserk rage {unknown}
 v - a potion of flight {unknown}
 C - a potion of might {unknown}
 J - 2 potions of mutation {unknown}
 L - a potion of degeneration {unknown}


   Skills:
 * Level 10.5 Fighting
 * Level 7.1 Maces & Flails
 + Level 8.1 Throwing
 + Level 2.4 Armour
 * Level 7.4 Dodging
 - Level 0.6 Stealth
 * Level 5.3 Invocations
 * Level 4.1 Evocations


You had 10 spell levels left.
You didn't know any spells.
Your spell library contained the following spells:

 Spells                   Type           Power        Failure   Level
 Animate Skeleton         Necr           0%           32%         1
 Freeze                   Ice            0%           32%         1
 Magic Dart               Conj           0%           32%         1
 Pain                     Necr           0%           32%         1
 Searing Ray              Conj           0%           45%         2
 Dazzling Flash           Conj/Hex       0%           69%         3
 Frozen Ramparts          Ice            0%           69%         3
 Ozocubu's Armour         Ice            0%           69%         3
 Vampiric Draining        Necr           0%           69%         3
 Animate Dead             Necr           0%           97%         4
 Fulminant Prism          Conj/Hex       0%           97%         4
 Hailstorm                Conj/Ice       0%           97%         4
 Iskenderun's Mystic Bla  Conj/Tloc      0%           97%         4
 Summon Ice Beast         Ice/Summ       0%           97%         4
 Agony                    Necr           0%           100%        5


Dungeon Overview and Level Annotations

Branches:
Dungeon (10/15)            Temple (0/1) D:6           Sewer (visited)
   Lair: D:8-11         Orc: D:9-12

Altars:
Ashenzari
Dithmenos
Elyvilon
Gozag
Hepliaklqana
Makhleb
Okawaru
Ru
Sif Muna
Vehumet
Wu Jian
Xom
Yredelemnul
Zin
The Shining One

Shops:
D:10 (

Annotations:
D:6 2 runed translucent doors, Descartes's ghost, weakling VSDe


Innate Abilities, Weirdness & Mutations

You are too large for most types of armour.
You have tough skin. (AC +1)


Message History

You feel much better. The troll misses you.
The troll claws you but does no damage. The troll claws you!
* * * LOW HITPOINT WARNING * * *
You completely miss the troll.
The troll is almost dead.
The troll misses you. x2; The troll closely misses you.
Throw: 3 large rocks
Press: ? - help, Q - select action, (/) - cycle Shift-Dir - straight line, f - troll
Aim: a troll (severely wounded, haloed, 83% to hit)
You throw a large rock.
The large rock hits the troll but does no damage.
The troll is severely wounded.
The troll barely misses you. The troll claws you!
* * * LOW HITPOINT WARNING * * *
The troll barely misses you. The troll bites you.
* * * LOW HITPOINT WARNING * * *
The troll claws you!
* * * LOW HITPOINT WARNING * * *
The troll claws you.
You die...

...P.P.....# ####...#....#
..P.P..##).# #...#†...#
.P.P.......#. #........#
........####..####........#
.)..#...# #..............#
))).#...# #..............#
.)..#...# #..####........#
.)(.#...# #..#...........#
.####...# #.⌠.T@....######
....#####.....∩..#...#
....# ....⌠.⌠(##### ....#
###..#..# ##### #..#..#
....# #. #... ....# # #...
....# #### ....#


You could see a troll.

Vanquished Creatures
  Erica (D:9)
  A two-headed ogre (D:10)
  Pikel (D:4)
  Joseph (D:7)
  Maggie (D:7)
  2 trolls
  2 wyverns
  Sigmund (D:2)
  4 yaks
  Menkaure (D:7)
  5 orc warriors
  3 sky beasts
  4 black bears
  An ogre (D:4)
  2 phantoms
  A lemure (D:4)
  Blork the orc (D:6)
  7 bullfrogs
  3 scorpions
  A wyvern skeleton (D:9)
  12 killer bees
  10 wights
  A howler monkey (D:9)
  2 centaur zombies (D:7)
  A quasit (D:9)
  2 hounds
  6 orc priests
  4 bullfrog skeletons
  A jelly (D:3)
  2 gnoll shamans
  Jessica (D:2)
  2 iguanas
  11 orc wizards
  5 worker ants
  A killer bee zombie (D:7)
  2 hound skeletons
  9 adders
  7 gnolls
  A river rat (D:6)
  2 shadow imps
  4 white imps
  2 ufetubi
  2 oozes (D:1)
  An adder zombie (D:5)
  3 worms
  3 dart slugs
  12 leopard geckos
  54 orcs
  9 bats
  10 giant cockroaches
  9 goblins
  4 hobgoblins
  22 jackals
  6 kobolds
  3 quokkas
  4 ball pythons
  16 frilled lizards
  9 rats
298 creatures vanquished.

Vanquished Creatures (others)
  10 fungi (D:10)
  14 plants (D:10)
24 creatures vanquished.

Grand Total: 322 creatures vanquished

Notes
Turn   | Place    | Note
-------+----------+-------------------------------------------
     0 | D:1      | Martska the Ogre Hunter began the quest for the Orb.
     0 | D:1      | Reached XP level 1. HP: 22/22 MP: 1/1
   104 | D:1      | Reached skill level 3 in Fighting
   105 | D:1      | Reached XP level 2. HP: 23/31 MP: 2/2
   571 | D:1      | Reached XP level 3. HP: 30/37 MP: 3/3
  1334 | D:1      | Reached skill level 1 in Maces & Flails
  2006 | D:2      | Reached XP level 4. HP: 27/48 MP: 4/4
  2288 | D:2      | Noticed Jessica
  2289 | D:2      | Killed Jessica
  2290 | D:2      | Reached skill level 4 in Fighting
  2492 | D:2      | Found a glowing golden altar of the Shining One.
  2507 | D:2      | Became a worshipper of the Shining One
  2763 | D:2      | You fall into a shaft and drop 1 floor!
  3479 | D:2      | Reached XP level 5. HP: 43/54 MP: 5/5
  3567 | D:2      | Noticed Sigmund
  3570 | D:2      | Found a burning altar of Makhleb.
  3860 | D:2      | Killed Sigmund
  3861 | D:2      | Reached skill level 5 in Throwing
  3861 | D:2      | Reached XP level 6. HP: 55/65 MP: 6/6
  4260 | D:3      | Reached skill level 5 in Fighting
  4522 | D:3      | Reached XP level 7. HP: 53/72 MP: 7/7
  4647 | D:3      | Found a shimmering altar of Xom.
  4698 | D:3      | Found a hazy altar of Hepliaklqana.
  4756 | D:3      | Found an ornate altar of the Wu Jian Council.
  4954 | D:3      | Found a glowing silver altar of Zin.
  5101 | D:4      | Reached skill level 6 in Fighting
  5180 | D:4      | Reached * piety under the Shining One
  5181 | D:4      | Found an iron altar of Okawaru.
  5214 | D:4      | Found a basalt altar of Yredelemnul.
  5279 | D:4      | Found an opulent altar of Gozag.
  5453 | D:4      | Reached XP level 8. HP: 47/83 MP: 8/8
  6148 | D:4      | Noticed Pikel
  6154 | D:4      | Killed Pikel
  6155 | D:4      | Reached skill level 7 in Fighting
  6155 | D:4      | Reached skill level 5 in Dodging
  6394 | D:5      | Entered Level 5 of the Dungeon
  6846 | D:5      | Found a white marble altar of Elyvilon.
  7121 | D:5      | Reached ** piety under the Shining One
  7419 | D:6      | Reached XP level 9. HP: 78/94 MP: 9/9
  7482 | D:6      | Found a broken altar of Ashenzari.
  7619 | D:6      | Reached skill level 8 in Fighting
  7619 | D:6      | Reached skill level 5 in Maces & Flails
  7730 | D:6      | Found a glowing drain.
  7753 | Sewer    | Entered a sewer
  8052 | D:6      | Found a sacrificial altar of Ru.
  8066 | D:6      | Noticed Blork the orc
  8074 | D:6      | Killed Blork the orc
  8134 | D:6      | Found a shadowy altar of Dithmenos.
  8210 | D:6      | Found a staircase to the Ecumenical Temple.
  8317 | D:6      | Found a large runed translucent door.
  8317 | D:6      | Found a large runed translucent door.
  8319 | D:6      | Noticed Descartes's ghost (weakling VSDe)
  8483 | D:7      | Noticed Joseph
  8498 | D:7      | Killed Joseph
  8499 | D:7      | Reached skill level 1 in Invocations
  8499 | D:7      | Reached skill level 1 in Evocations
  8791 | D:7      | Noticed Maggie
  8809 | D:7      | Killed Maggie
  8864 | D:7      | Noticed Menkaure
  8876 | D:7      | Killed Menkaure
  9011 | D:7      | Reached skill level 9 in Fighting
  9191 | D:7      | Reached XP level 10. HP: 106/107 MP: 12/12
  9627 | D:7      | Found a radiant altar of Vehumet.
  9677 | D:7      | HP: 5/107 [orc warrior/+0 trident (13)]
  9974 | D:7      | Reached skill level 1 in Armour
 10370 | D:8      | Found an iron altar of Okawaru.
 10436 | D:8      | Found a flagged portal.
 10472 | D:8      | Found a shimmering blue altar of Sif Muna.
 11347 | D:9      | Noticed Erica
 11360 | D:9      | Killed Erica
 11487 | D:9      | Reached *** piety under the Shining One
 11505 | D:9      | Reached skill level 10 in Fighting
 12097 | D:10     | Entered Level 10 of the Dungeon
 12309 | D:10     | Reached XP level 11. HP: 87/118 MP: 14/14
 12451 | D:10     | Noticed a two-headed ogre
 12733 | D:10     | Reached skill level 5 in Invocations
 12822 | D:10     | Killed a two-headed ogre
 13499 | D:10     | Found Coupnargh's Weapon Boutique.
 13517 | D:10     | HP: 3/119 [troll (11)]
 13517 | D:10     | Slain by a troll

Illustrated notes

Levels and vault maps discovered:
D:1:      wander_arrival_abandoned_jail, layout_loops_corners,
          chequers_serial_rivers_small_a, minmay_tripent
D:2:      layout_basic, tso_altar, makhleb_heckhound_becter, uniq_jessica,
          uniq_sigmund
D:3:      layout_basic, lemuel_crystal_altar, nzn_hepliaklqana_mist_gate,
          tgw_xom, zin_treasury, minmay_ruptured
D:4:      layout_basic, old_standard_altar, overflow_temple_1_default,
          nicolae_gozag_seed_capital, uniq_pikel
D:5:      layout_loops_ring, elyvilon_altar_3, st_stairs_4, minmay_misc_feat_x
D:6:      layout_loops_ring, nicolae_overflow_hidden_temple,
          nicolae_ru_awakened_eye, minmay_temple_entry_offerings,
          ebering_ghost_disaster_area, portal_sewer_entry_b,
          grunt_dithmenos_shadows, uniq_blork_the_orc
D:7:      layout_cave_pods, lemuel_doored_altar, uniq_menkaure, uniq_maggie,
          uniq_joseph
D:8:      layout_basic, old_standard_altar, enter_bailey_2,
          okawaru_ov_weapons_minmay
D:9:      layout_layer_cave, hangedman_abyss_or_decor_passed, uniq_erica
D:10:     layout_grid_maze, grunt_lair_entry_orc_guard_hut, serial_shops,
          shop_fountains, uniq_grum

Skill      XL: |  1  2  3  4  5  6  7  8  9 10 11 |
---------------+----------------------------------+-----
Fighting       | 3 4 5 6 7 9 10 | 10.5
Dodging        | 2 3 4 5 6 7 |  7.4
Maces & Flails | 1 2 3 4 5 6 7 |  7.1
Throwing       | 5 6 7 8 |  8.1
Invocations    | 2 4 5 |  5.3
Evocations     | 2 3 4 |  4.1
Armour         | 2 |  2.4
Stealth        | |  0.6

Action                   |  1- 3 |  4- 6 |  7- 9 | 10-12 || total
-------------------------+-------+-------+-------+-------++-------
Melee: Short sword       |    14 |       |       |       ||    14
       Whip              |   160 |   177 |   372 |   458 ||  1167
       Giant club        |       |       |    50 |       ||    50
       Giant spiked club |       |       |       |    52 ||    52
Throw: Large rock        |     6 |    11 |    29 |    10 ||    56
       Throwing net      |       |     1 |       |       ||     1
Evoke: Wand              |       |       |       |     2 ||     2
  Use: Scroll            |       |     3 |     3 |     7 ||    13
       Potion            |       |       |       |     4 ||     4
 Stab: Sleeping          |     1 |     1 |       |       ||     2
Armor: Robe              |    93 |    63 |    65 |       ||   221
       Steam dragon scal |       |       |     2 |   137 ||   139
Dodge: Dodged            |   107 |   156 |   282 |   510 ||  1055
       Repelled          |       |       |     3 |     1 ||     4
